 Dungeon Crawl Stone Soup version 0.22.0-6-g71bd7aa (webtiles) character file.

359 sw3dish the Skirmisher (level 6, -5/57 HPs)
             Began as a Minotaur Berserker on Aug 16, 2018.
             Was a Priest of Trog.
             Slain by an orc
             ... wielding a +0 club
              (6 damage)
             ... on level 5 of the Dungeon.
             The game lasted 00:04:08 (2763 turns).

sw3dish the Skirmisher (Minotaur Berserker)         Turns: 2763, Time: 00:04:09

Health: -5/57      AC: -2    Str: 22    XL:     6   Next: 37%
Magic:  5/5        EV:  9    Int:  7    God:    Trog [***...]
Gold:   142        SH:  0    Dex: 10    Spells: 5/5 levels left

rFire    . . .     SeeInvis .   a - +0 hand axe
rCold    + . .     Gourm    .   (no shield)
rNeg     . . .     Faith    .   l - +0 ring mail
rPois    .         Spirit   .   (helmet restricted)
rElec    .         Reflect  .   (no cloak)
rCorr    .         Harm     .   (no gloves)
MR       .....     Clarity  +   (no boots)
Stlth    ..........             (no amulet)
HPRegen  0.19/turn              (no ring)
MPRegen  0.09/turn              (no ring)

@: corroded, berserk cooldown, flying, slowed, constricted, very slow
A: retaliatory headbutt, horns 2, clarity, clever 1, cold resistance 1, wild
magic 1
a: Berserk, Trog's Hand, Renounce Religion


You were on level 5 of the Dungeon.
You worshipped Trog.
Trog was most pleased with you.
You were hungry.

You visited 1 branch of the dungeon, and saw 5 of its levels.

You collected 142 gold pieces.

Inventory:

Hand Weapons
 a - a +0 hand axe (weapon)
Armour
 b - a +0 animal skin
 l - a +0 ring mail (worn)
Jewellery
 p - an uncursed ring of ice {unknown}
 r - a cursed ring of attention {unknown}
 w - an uncursed ring of positive energy {unknown}
Wands
 y - a wand of iceblast (7)
Scrolls
 e - 5 scrolls of identify {unknown}
 h - 2 scrolls of magic mapping {unknown}
 j - a scroll of fog {unknown}
 m - a scroll of immolation {unknown}
 n - a scroll of fear {unknown}
 s - 2 scrolls of amnesia {unknown}
 t - a scroll of enchant armour {unknown}
 u - 2 scrolls of remove curse {unknown}
 x - 2 scrolls of teleportation {unknown}
 z - a scroll of enchant weapon {unknown}
Potions
 d - a potion of curing
 f - a potion of berserk rage {unknown}
 g - a potion of degeneration {unknown}
 i - 2 potions of flight
 k - a potion of mutation
 o - a potion of agility {unknown}
 q - a potion of heal wounds {unknown}
 v - 2 potions of brilliance {unknown}
 A - a potion of haste {unknown}
Comestibles
 c - 10 rations


   Skills:
 * Level 5.9 Fighting
 * Level 5.8 Axes
 + Level 3.9 Armour
 + Level 3.5 Dodging


You had 5 spell levels left.
You didn't know any spells.
Your spell library was empty.

Dungeon Overview and Level Annotations

Branches:
Dungeon (5/15)
 Temple: D:4-7

Altars:
Elyvilon
Kikubaaqudgha

Annotations:
D:5 1 transporter, dang3rdave's ghost, novice GrAE


Innate Abilities, Weirdness & Mutations

You reflexively headbutt those who attack you in melee.
You have a pair of horns on your head.
You possess an exceptional clarity of mind.
Your mind is acute. (Int +2)
Your flesh is cold resistant. (rC+)
Your spells are a little harder to cast, but a little more powerful.


Message History

The hound pauses to sniff the ground.
The hound stops to sniff the ground.
It was a potion of flight.
You feel very buoyant.
You fly up into the air.
The orc closely misses you.
It was a potion of curing.
You feel better. The hound barely misses you. The hound bites you.
* * * LOW HITPOINT WARNING * * *
The orc closely misses you. The ball python closely misses you. x2
The orc misses you. The hound bites you.
* * * LOW HITPOINT WARNING * * *
It was a potion of mutation.
You feel extremely strange.
You feel clever.
You feel resistant to cold.
Your thoughts seem clearer.
You feel less in control of your magic. The ball python bites you.
* * * LOW HITPOINT WARNING * * *
The ball python grabs you. The ball python constricts you.
The hound completely misses you. The orc hits you with a hand axe.
* * * LOW HITPOINT WARNING * * *
The orc hits you with a club.
You die...

.#
#>####.......###
##### #.#
#####.### #.#
#)# #.# #)# #.#
######
####.###.....#
#.............
#.%..oo..._...
#...Zh@.......
#....S........
..........######
.##.......# .
.........#
.#.#.###### ....
##


You could see a hound, 2 orcs, a centaur zombie and a ball python.

Vanquished Creatures
  2 scorpions (D:4)
  A howler monkey (D:4)
  A jelly (D:5)
  2 orc wizards (D:5)
  A howler monkey skeleton (D:2)
  6 adders
  An ooze (D:5)
  A worm (D:4)
  4 dart slugs
  3 leopard geckos
  An orc (D:3)
  A ball python (D:3)
  5 bats
  2 giant cockroaches (D:3)
  7 goblins
  6 hobgoblins
  4 jackals (D:5)
  2 quokkas
  5 frilled lizards
  9 kobolds
  5 rats
69 creatures vanquished.

Notes
Turn   | Place    | Note
-------+----------+-------------------------------------------
     0 | D:1      | sw3dish the Minotaur Berserker began the quest for the Orb.
     0 | D:1      | Reached XP level 1. HP: 19/19 MP: 0/0
   300 | D:1      | Reached XP level 2. HP: 23/27 MP: 1/1
   911 | D:2      | Reached XP level 3. HP: 29/33 MP: 2/2
   920 | D:2      | Reached ** piety under Trog
  1541 | D:2      | Reached XP level 4. HP: 41/41 MP: 3/3
  2118 | D:4      | Reached skill level 5 in Fighting
  2118 | D:4      | Reached skill level 5 in Axes
  2118 | D:4      | Reached XP level 5. HP: 22/48 MP: 4/4
  2473 | D:4      | Reached *** piety under Trog
  2562 | D:4      | Found a white marble altar of Elyvilon.
  2675 | D:5      | Entered Level 5 of the Dungeon
  2683 | D:5      | Reached XP level 6. HP: 56/56 MP: 5/5
  2711 | D:5      | Found a transporter.
  2716 | D:5      | Noticed dang3rdave's ghost (novice GrAE)
  2754 | D:5      | HP: 3/85 [orc wizard/dagger (3)]
  2757 | D:5      | Found an ancient bone altar of Kikubaaqudgha.
  2763 | D:5      | Gained mutation: Your mind is acute. (Int +2) [potion of mutation]
  2763 | D:5      | Gained mutation: Your flesh is cold resistant. (rC+) [potion of mutation]
  2763 | D:5      | Gained mutation: You possess an exceptional clarity of mind. [potion of mutation]
  2763 | D:5      | Gained mutation: Your spells are a little harder to cast, but a little more powerful. [potion of mutation]
  2763 | D:5      | HP: 1/57 [orc/hand axe (4)]
  2763 | D:5      | Slain by an orc

Skill      XL: |  1  2  3  4 |
---------------+-------------+-----
Fighting       | 4 5 |  5.9
Axes           | 4 5 |  5.8
Armour         | 3 |  3.9
Dodging        | 3 |  3.5

Action                   |  1- 3 |  4- 6 || total
-------------------------+-------+-------++-------
Melee: Hand axe          |    86 |    78 ||   164
       Headbutt          |     8 |     8 ||    16
Invok: Berserk           |       |     3 ||     3
  Use: Potion            |       |     3 ||     3
  Eat: Chunk             |     1 |     7 ||     8
Armor: Animal skin       |     2 |       ||     2
       Ring mail         |    15 |    21 ||    36
Dodge: Dodged            |    55 |    63 ||   118
